 Dungeon Crawl Stone Soup version 0.30-a0-23-ge60ba3568b (webtiles) character file.

Game seed: 11570781572081728925

137 ytrimaz the Insei (level 5, 0/35 HPs)
             Began as an Octopode Transmuter on Aug 25, 2022.
             Slain by a gnoll
             ... wielding a +0 spear
              (4 damage)
             ... on level 2 of the Dungeon.
             The game lasted 00:01:37 (1293 turns).

ytrimaz the Insei (Octopode Transmuter)             Turns: 1293, Time: 00:01:37

Health: 0/35       AC:  1    Str: 10    XL:     5   Next: 20%
Magic:  5/8        EV: 13    Int: 23    God:
Gold:   52         SH:  0    Dex: 18    Spells: 5/8 levels left

rFire   . . .      SeeInvis .      - Unarmed
rCold   . . .      Faith    .    (no shield)
rNeg    . . .      Spirit   .    (helmet currently unavailable)
rPois   .          Reflect  .    (no amulet)
rElec   .          Harm     .    b - +6 ring of intelligence
rCorr   .          Rampage  .    a - +6 ring of dexterity
Will    .....                    (no ring)
Stlth   +++.......               (no ring)
HPRegen 0.11/turn                (no ring)
MPRegen 0.11/turn                (no ring)
                                 (no ring)
                                 (no ring)

@: appendages, very slightly contaminated
A: tentacle spike 3, almost no armour, amphibious, 8 rings, camouflage 1,
gelatinous body 1, (nimble swimmer 1), tentacles
a: End Transformation


You were on level 2 of the Dungeon.
One of your tentacles had grown a beastly spike.
You visited 1 branch of the dungeon, and saw 2 of its levels.

You collected 52 gold pieces.

Inventory:

Jewellery
 a - a +6 ring of dexterity (right tentacle)
 b - a +6 ring of intelligence (left tentacle)
Scrolls
 c - a scroll of teleportation
 g - 3 scrolls of enchant weapon
 h - a scroll of enchant armour
Potions
 e - a potion of cancellation {unknown}
 f - a potion of haste {unknown}
 i - a potion of flight {unknown}


   Skills:
 * Level 2.4 Fighting
 - Level 2.0 Dodging
 + Level 4.7 Unarmed Combat
 - Level 2.0 Spellcasting
 + Level 2.8 Transmutations


You had 5 spell levels left.
You knew the following spells:

 Your Spells              Type           Power      Damage    Failure   Level
a - Beastly Appendage     Tmut           30%        N/A       4%          1
b - Wereblood             Tmut           15%        N/A       6%          2

Your spell library contained the following spells:

 Spells                   Type           Power      Damage    Failure   Level
 Spider Form              Tmut/Pois      8%         N/A       22%         3
 Ice Form                 Ice/Tmut       8%         N/A       58%         4


Dungeon Overview and Level Annotations

Branches:
Dungeon (2/15)

Altars:


Innate Abilities, Weirdness & Mutations

One of your tentacles has grown a beastly spike.
You cannot wear most types of armour.
You are amphibious.
You can wear up to eight rings at the same time.
Your skin changes colour to match your surroundings (Stealth+).
Your rubbery body absorbs attacks. (AC +1, EV +1)
((You are camouflaged when in or above water. (Stealth+)))
You have tentacles for arms and can constrict up to eight enemies at once.


Message History

It was a potion of heal wounds.
You feel much better.
You constrict the goblin. The hobgoblin closely misses you.
The goblin hits you with a +0 club. The hobgoblin closely misses you.
The goblin barely misses you.
One of your tentacles grows a vicious spike.
You constrict the goblin.
You kill the goblin!
The hobgoblin hits you from afar with a +0 trident.
Casting: Beastly Appendage (safe; 4% risk of failure)
Confirm with . or Enter, or press ? or * to list all spells.
You miscast Wereblood.
Nothing appears to happen.
The hobgoblin hits you from afar with a +0 trident!
The hobgoblin barely misses you.
Unknown command.
The hobgoblin barely misses you.
You see here a +0 club.
You closely miss the hobgoblin. Your grab misses the hobgoblin.
You squeeze the hobgoblin.
You kill the hobgoblin!
You feel yourself speed up.
You barely miss the gnoll. You grab the gnoll.
You pierce the gnoll, but do no damage.
You constrict the gnoll. The gnoll completely misses you.
The gnoll hits you from afar with a +0 spear!
You tentacle-slap the gnoll. You squeeze the gnoll.
The gnoll is moderately wounded.
You constrict the gnoll, but do no damage.
The gnoll closely misses you.
The gnoll hits you from afar with a +0 spear.
Unknown command.
You tentacle-slap the gnoll but do no damage.
You pierce the gnoll.
The gnoll is severely wounded.
You constrict the gnoll. The gnoll hits you with a +0 flail!
* * * LOW HITPOINT WARNING * * *
The gnoll closely misses you.
Unknown command.
You tentacle-slap the gnoll.
You kill the gnoll!
The gnoll hits you from afar with a +0 spear.
You die...

#..#####..#
#....#....#
#....#....#
#.###_###.#
#....#....#
#....#....#
#..#####..#
#....#@...#
#####)##### .#
#g..g####..#
.#######g...g..#.
............g.....
####..##.####g....
##. #.##.......
#.##....# ...
#....#### .r


You could see a gnoll.

Vanquished Creatures
  Jessica (D:2)
  Natasha (twice) (D:2)
  Terence (D:2)
  A gnoll (D:2)
  A worm (D:2)
  2 endoplasms (D:1)
  3 giant cockroaches (D:1)
  3 goblins
  5 hobgoblins
  7 ball pythons
  3 bats
  2 kobolds (D:1)
  2 rats (D:1)
33 creatures vanquished.

Notes
Turn   | Place    | Note
-------+----------+-------------------------------------------
     0 | D:1      | ytrimaz the Octopode Transmuter began the quest for the
                  | Orb.
     0 | D:1      | Reached XP level 1. HP: 13/13 MP: 3/3
   247 | D:1      | Reached XP level 2. HP: 16/18 MP: 3/5
   322 | D:1      | Learned a level 2 spell: Wereblood
   867 | D:1      | Reached XP level 3. HP: 23/23 MP: 6/6
   953 | D:2      | Noticed Jessica
   963 | D:2      | Noticed Terence
   971 | D:2      | Killed Terence
   971 | D:2      | Noticed Natasha
   972 | D:2      | Reached skill level 4 in Unarmed Combat
   972 | D:2      | Reached XP level 4. HP: 17/29 MP: 7/7
   979 | D:2      | Killed Natasha
   981 | D:2      | Killed Jessica
  1261 | D:2      | Found a faded altar of an unknown god.
  1268 | D:2      | Noticed Natasha
  1275 | D:2      | Killed Natasha
  1276 | D:2      | Reached XP level 5. HP: 34/35 MP: 6/8
  1293 | D:2      | Slain by a gnoll

Illustrated notes

Levels and vault maps discovered:
D:1:      matt_arrival_grand_opening, layout_rooms, minmay_misc_feat_rugged
D:2:      layout_rooms, serial_shops, shop,
          shapermc_ecumenical_altar_notcrosses, uniq_jessica, uniq_natasha,
          uniq_terence

Skill      XL: |  1  2  3 |
---------------+----------+-----
Fighting       | 2 |  2.4
Unarmed Combat | 4 |  4.7
Dodging        | |  2.0
Spellcasting   | |  2.0
Transmutations | |  2.8

Action                   |  1- 3 |  4- 6 || total
-------------------------+-------+-------++-------
Melee: Unarmed           |    58 |    18 ||    76
       Constrict         |    15 |     2 ||    17
       Kick              |    12 |     2 ||    14
       Tentacles         |     6 |     4 ||    10
 Cast: Beastly Appendage |    21 |     1 ||    22
  Use: Scroll            |     3 |       ||     3
       Potion            |     1 |     1 ||     2
 Stab: Sleeping          |     2 |       ||     2
Armor: Skin              |    10 |     4 ||    14
Dodge: Dodged            |    40 |    16 ||    56

Table legend: (Time is in decaauts)
 A = Elapsed time spent in this place.
 B = Non-inter-level travel time spent in this place.
 C = Inter-level travel time spent in this place.
 D = Time resting spent in this place.
 E = Time spent auto-exploring this place.
 F = Levels seen in this place.
 G = Mean time per level.
                   A        B        C        D        E       F      G
               +--------+--------+--------+--------+--------+-----+--------+
         Total |   1301 |   1288 |     13 |      0 |   1032 |   2 |  650.5 |
       Dungeon |   1301 |   1288 |     13 |      0 |   1032 |   2 |  650.5 |
               +--------+--------+--------+--------+--------+-----+--------+

Top non-repeatable levels by time:
     D:1: 933 daAuts
     D:2: 368 daAuts
